Map: Catalyst LE

Players

Has

  • Race: Protoss Protoss
  • Spawn Location: 5:00

Serral - Winner!

  • Race: Zerg Zerg
  • Spawn Location: 11:00

Event: WESG 2017 Haikou

VOD

Have the link to the VOD?

Description

Time

  • Played on: March 13, 2018, 3:59 a.m.
  • Length: 7:00

All games in this series

Show
View Real Time Build Order
Export as new Build Order

Has Protoss 

Build Orders: 1 Gate Expand 

Get SALT Encoding   

  12  0:01  Probe  
  13  0:13  Probe  
  14  0:19  Pylon  
  14  0:25  Probe  
  15  0:37  Gateway  
  15  0:38  Probe (Chrono Boost)  
  17  0:50  Probe (Chrono Boost)  
  17  0:54  Probe (Chrono Boost)  
  18  1:04  Assimilator  
  18  1:05  Probe  
  19  1:17  Probe  
  20  1:25  Nexus  
  20  1:36  Cybernetics Core  
  20  1:38  Probe  
  21  1:44  Assimilator  
  22  1:54  Pylon  
  22  1:59  Zealot (Chrono Boost)  
  23  2:12  Warp Gate, Probe  
  24  2:21  Stalker (Chrono Boost)  
  26  2:24  Probe  
  27  2:30  Robotics Facility  
  27  2:37  Probe x2  
  29  2:50  Gateway  
  29  2:52  Sentry  
  29  2:54  Probe  
  32  3:15  Immortal (Chrono Boost)  
  36  3:26  Gateway  
  36  3:28  Gateway  
  36  3:29  Gateway  
  36  3:45  Warp Prism (Chrono Boost), Pylon  
  38  3:49  Assimilator  
  38  4:00  Pylon x2  
  38  4:24  Sentry x3  
  40  4:25  Zealot x2  
  48  4:37  Pylon  
  48  4:42  Zealot x2  
  48  4:45  Stalker  
  54  4:47  Zealot x2  
  58  5:06  Zealot  
  60  5:07  Zealot  
  60  5:12  Zealot x5  
  56  5:22  Warp Prism (Chrono Boost)  
  58  5:33  Sentry x2  
  58  5:34  Zealot  
  64  5:42  Pylon  
  48  6:05  Stalker  
  48  6:06  Stalker x3  
  48  6:08  Zealot  
  58  6:28  Stalker x2, Zealot  
  58  6:30  Zealot  
  63  6:44  Zealot  
Show
View Real Time Build Order
Export as new Build Order

Serral Zerg - Winner!

Build Orders: Hatch First 

Get SALT Encoding   

  12  0:00  Drone  
  13  0:13  Overlord  
  13  0:17  Drone  
  14  0:32  Drone x2  
  16  0:49  Hatchery  
  15  0:52  Drone  
  15  0:55  Drone  
  17  1:09  Spawning Pool  
  16  1:11  Extractor  
  16  1:14  Drone  
  16  1:17  Drone  
  17  1:23  Drone  
  18  1:31  Drone  
  19  1:39  Overlord  
  19  1:56  Queen  
  19  1:58  Zergling x2  
  19  2:00  Zergling x2  
  23  2:02  Queen  
  23  2:03  Zergling x2  
  26  2:11  Drone  
  26  2:13  Metabolic Boost  
  27  2:16  Drone  
  27  2:22  Drone  
  29  2:24  Drone  
  30  2:34  Drone x2  
  32  2:48  Hatchery  
  31  2:52  Queen  
  31  2:57  Overlord  
  33  3:00  Drone  
  33  3:01  Drone  
  33  3:03  Drone  
  36  3:13  Overlord  
  36  3:16  Drone x2  
  36  3:17  Drone x2  
  40  3:20  Drone  
  41  3:27  Queen  
  43  3:34  Drone x2  
  43  3:35  Spore Crawler  
  44  3:49  Drone, Roach Warren  
  44  3:50  Drone, Extractor  
  44  3:53  Drone  
  44  3:55  Drone  
  46  3:56  Drone  
  46  3:58  Drone  
  46  4:02  Drone x2  
  50  4:05  Drone x2  
  50  4:09  Overlord  
  52  4:16  Overlord  
  52  4:25  Extractor  
  52  4:30  Roach x6  
  52  4:31  Roach, Overlord  
  65  4:35  Roach  
  67  4:38  Roach  
  67  4:39  Roach  
  67  4:41  Overlord  
  67  4:45  Zergling x4  
  73  4:48  Overlord  
  73  4:52  Zergling x4  
  75  4:56  Overlord  
  75  4:59  Ravager x2  
  76  5:11  Zergling x18  
  77  5:18  Roach x2, Zergling x4  
  75  5:23  Roach  
  75  5:24  Roach  
  75  5:28  Extractor  
  78  5:29  Drone  
  78  5:34  Roach x2  
  83  5:40  Queen  
  77  5:50  Zergling x8  
  76  5:57  Roach x2  
  76  6:00  Overlord  
  76  6:02  Roach x4  
  89  6:11  Ravager x2, Overlord  
  89  6:12  Zergling x2  
  89  6:13  Zergling x2  
  92  6:19  Roach  
  92  6:20  Ravager  
  92  6:25  Zergling x8  
  99  6:32  Roach x4, Zergling x4  
Tags
 
Add a new tag
Caveats
  • Supply blocks, unpowered buildings, or Contaminate may cause inaccurate times.
  • Supply counts are checked every 10 seconds.